 Dungeon Crawl Stone Soup version 0.31-a0-654-gbe3e110b4e (webtiles) character file.

Game seed: 11944277456104373904

174 holysushi the Cutter (level 5, -1/32 HPs)
             Began as a Kobold Monk on Aug 29, 2023.
             Slain by Grinder (3 damage)
             ... on level 3 of the Dungeon.
             The game lasted 00:01:56 (2820 turns).

holysushi the Cutter (Kobold Monk)                  Turns: 2820, Time: 00:01:56

Health: -1/32      AC:  3    Str:  9    XL:     5   Next: 84%
Magic:  5/5        EV: 17    Int: 11    God:
Gold:   113        SH:  0    Dex: 19    Spells: 4/4 levels left

rFire   . . .        a - +0 short sword
rCold   . . .        d - orb {light}
rNeg    . . .        b - +0 robe
rPois   .            (no helmet)
rElec   .            (no cloak)
rCorr   .            (no gloves)
SInv    .            j - +0 pair of boots
Will    .....        (no amulet)
Stlth   +            (no ring)
HPRegen 0.25/turn    (no ring)
MPRegen 0.09/turn

%: no passive effects
@: confused, ambrosia-drunk, glowing
A: small, no large weapons, nightstalker 3
a: no special abilities


You were on level 3 of the Dungeon.
You visited 1 branch of the dungeon, and saw 3 of its levels.

You collected 113 gold pieces.

Inventory:

Hand Weapons
 a - a +0 short sword (weapon)
Armour
 b - a +0 robe (worn)
 d - an orb of light (worn)
 j - a +0 pair of boots (worn)
 m - a +0 buckler
Talismans
 i - a talisman of death
Scrolls
 e - 3 scrolls of identify {unknown}
 f - a scroll of brand weapon {unknown}
 g - a scroll of silence {unknown}
 k - a scroll of amnesia {unknown}
 l - a scroll of noise {unknown}
 n - 3 scrolls of teleportation {unknown}
Potions
 h - a potion of attraction {unknown}
 o - a potion of enlightenment {unknown}
 p - a potion of might {unknown}
 q - a potion of brilliance {unknown}
 r - a potion of cancellation {unknown}


   Skills:
 - Level 3.2 Fighting
 + Level 7.6 Short Blades
 - Level 4.3 Dodging


You had 4 spell levels left.
You didn't know any spells.
Your spell library contained the following spells:

 Spells                   Type           Power      Damage    Failure   Level
 Lesser Beckoning         Tloc           0%         N/A       47%         2
 Gell's Gravitas          Tloc           0%         N/A       71%         3
 Inner Flame              Hex/Fire       0%         N/A       71%         3
 Teleport Other           Tloc           0%         N/A       71%         3
 Flame Wave               Conj/Fire      0%         2d4       98%         4
 Sticky Flame             Conj/Fire      0%         2d3       98%         4


Dungeon Overview and Level Annotations

Branches:
Dungeon (3/15) Zot: 15242

Altars:
Zin

Annotations:
D:3 Grinder


Innate Abilities, Weirdness & Mutations

You are small and have problems with some larger weapons.
You are completely attuned to the shadows.


Message History

You hit Grinder.
Grinder is heavily wounded.
You hit Grinder but do no damage.
Grinder is heavily wounded.
Grinder misses you.
You hit Grinder but do no damage.
Grinder is heavily wounded.
You hit Grinder.
Grinder is heavily wounded.
Grinder gestures at you. Pain shoots through your body!
You hit Grinder.
Grinder is heavily wounded.
Grinder barely misses you.
You hit Grinder.
Grinder is severely wounded.
You are confused.
You feel invigorated. Grinder gestures at you.
You suddenly lose the ability to move!
Grinder says, "I used to sell toenails on the black market."
Grinder gestures at you. You resist with significant effort. Grinder hits you.
Grinder hits you!
You writhe in agony.
You can move again.
You barely miss Grinder.
Grinder is severely wounded.
Grinder hits you.
You writhe in agony.
* * * LOW HITPOINT WARNING * * *
Unknown command.
You're too confused to move!
Grinder hits you.
* * * LOW HITPOINT WARNING * * *
You writhe in agony.
* * * LOW HITPOINT WARNING * * *
Grinder attacks as she pursues you! Grinder hits you.
* * * LOW HITPOINT WARNING * * *
You writhe in agony.
You die...
Grinder says, "Now the real fun starts!"

!..### ..[...
###.[.###
#.......#
#...5...#
#...@...#
###...### #...#
.####.#### #####
.......... #....
#####.########
#.### #.##.....#
#.# #
#.##.###.#####.###
#.##.#...(........


You could see Grinder.

Vanquished Creatures
  Jessica (D:2)
  9 adders
  2 dart slugs
  An orc (D:3)
  4 ball pythons
  6 bats
  4 endoplasms
  3 giant cockroaches
  5 goblins
  6 hobgoblins
  4 jackals (D:2)
  3 quokkas (D:3)
  3 frilled lizards
  6 kobolds
  4 rats
61 creatures vanquished.

Notes
Turn   | Place    | Note
-------+----------+-------------------------------------------
     0 | D:1      | holysushi the Kobold Monk began the quest for the Orb.
     0 | D:1      | Reached XP level 1. HP: 14/14 MP: 1/1
   175 | D:1      | Reached XP level 2. HP: 17/19 MP: 2/2
   334 | D:1      | Reached skill level 5 in Short Blades
   781 | D:1      | Reached XP level 3. HP: 23/23 MP: 3/3
  1374 | D:2      | Reached XP level 4. HP: 26/28 MP: 4/4
  1479 | D:2      | Noticed Jessica
  1489 | D:2      | Reached skill level 6 in Short Blades
  1502 | D:2      | Killed Jessica
  1503 | D:2      | Reached XP level 5. HP: 20/32 MP: 5/5
  1770 | D:2      | Found a glowing silver altar of Zin.
  1811 | D:2      | Reached skill level 7 in Short Blades
  2797 | D:3      | Noticed Grinder
  2814 | D:3      | Paralysed by Grinder for 4 turns
  2820 | D:3      | Slain by Grinder

Illustrated notes

Levels and vault maps discovered:
D:1:      onia_arrival_pentagram, layout_loops_corners
D:2:      layout_basic, basic_altar, minmay_increasing_density, uniq_jessica
D:3:      layout_loops_ring, uniq_grinder

Skill      XL: |  1  2  3  4  5 |
---------------+----------------+-----
Short Blades   | 5 6 7 |  7.6
Dodging        | 4 |  4.3
Fighting       | |  3.2

Action                     |  1- 3 |  4- 6 || total
---------------------------+-------+-------++-------
  Melee: Short sword       |    76 |   125 ||   201
    Use: Potion            |       |     1 ||     1
   Stab: Sleeping          |     1 |     4 ||     5
 Armour: Robe              |    10 |    10 ||    20
  Dodge: Dodged            |    41 |    66 ||   107

Table legend: (Time is in decaauts)
 A = Elapsed time spent in this place.
 B = Non-inter-level travel time spent in this place.
 C = Inter-level travel time spent in this place.
 D = Time resting spent in this place.
 E = Time spent auto-exploring this place.
 F = Levels seen in this place.
 G = Mean time per level.
                   A        B        C        D        E       F      G
               +--------+--------+--------+--------+--------+-----+--------+
         Total |   2756 |   2590 |    166 |     42 |   2172 |   3 |  918.7 |
       Dungeon |   2756 |   2590 |    166 |     42 |   2172 |   3 |  918.7 |
               +--------+--------+--------+--------+--------+-----+--------+

Top non-repeatable levels by time:
     D:1: 1183 daAuts
     D:2: 980 daAuts
     D:3: 593 daAuts
